Map: [ESL] Cosmic Sapphire

Players

ButAlways

  • Race: Protoss Protoss
  • Spawn Location: 5:00

Has - Winner!

  • Race: Protoss Protoss
  • Spawn Location: 11:00

Event: DreamHack SC2 Masters 2022 Atlanta (Online)

VOD

Have the link to the VOD?

Description

Time

  • Played on: Sept. 30, 2022, 8:48 a.m.
  • Length: 7:40

All games in this series

Show
View Real Time Build Order
Export as new Build Order

ButAlways Protoss 

Build Orders: Oracle Opening 

Get SALT Encoding   

  12  0:00  Probe  
  13  0:12  Probe  
  14  0:18  Pylon  
  14  0:24  Probe (Chrono Boost)  
  15  0:37  Probe (Chrono Boost)  
  15  0:40  Gateway  
  16  0:44  Probe (Chrono Boost)  
  16  0:45  Assimilator  
  17  0:51  Probe  
  17  0:55  Assimilator  
  18  1:03  Probe (Chrono Boost)  
  19  1:11  Gateway  
  19  1:12  Probe (Chrono Boost)  
  19  1:17  Probe (Chrono Boost)  
  21  1:27  Cybernetics Core  
  21  1:29  Probe  
  22  1:41  Probe  
  22  1:44  Pylon  
  23  2:02  Probe  
  23  2:03  Stargate  
  23  2:05  Adept x2  
  28  2:09  Warp Gate  
  28  2:17  Pylon  
  28  2:35  Stalker x2  
  32  2:52  Pylon  
  32  2:53  Oracle (Chrono Boost)  
  33  3:20  Robotics Facility  
  33  3:24  Gateway  
  31  3:30  Stalker, Pylon  
  35  3:38  Shield Battery  
  33  3:52  Shield Battery  
  33  4:04  Warp Prism (Chrono Boost), Stalker  
  37  4:11  Robotics Bay  
  37  4:21  Pylon  
  37  4:30  Immortal (Chrono Boost)  
  41  4:48  Pylon  
  41  4:49  Pylon  
  41  5:00  Shield Battery  
  41  5:07  Observer (Chrono Boost)  
  42  5:14  Adept x2  
  46  5:25  Disruptor (Chrono Boost)  
  49  5:44  Stalker x2  
  49  5:47  Gateway  
  53  5:54  Pylon  
  53  6:11  Stalker  
  53  6:13  Pylon  
  53  6:14  Pylon  
  53  6:16  Phoenix  
  57  6:25  Stalker  
  55  6:39  Stalker  
  57  6:56  Stalker x2  
  61  7:03  Stalker  
  48  7:24  Stalker x2  
Show
View Real Time Build Order
Export as new Build Order

Has Protoss - Winner!

Build Orders:  

Get SALT Encoding   

  12  0:00  Probe  
  13  0:12  Probe  
  14  0:18  Pylon  
  14  0:24  Probe (Chrono Boost)  
  15  0:37  Gateway, Probe (Chrono Boost)  
  15  0:41  Assimilator  
  16  0:44  Probe  
  17  0:52  Assimilator  
  17  0:57  Probe (Chrono Boost)  
  18  1:03  Gateway  
  18  1:09  Probe (Chrono Boost)  
  19  1:16  Probe (Chrono Boost)  
  20  1:23  Probe  
  20  1:25  Cybernetics Core  
  21  1:31  Pylon  
  21  1:35  Probe  
  22  1:47  Probe  
  23  1:59  Probe  
  24  2:01  Stalker x2  
  24  2:02  Warp Gate  
  24  2:04  Pylon  
  28  2:22  Robotics Facility  
  28  2:32  Stalker  
  30  2:39  Stalker  
  32  2:49  Gateway  
  32  2:53  Shield Battery  
  32  3:02  Stalker  
  34  3:13  Warp Prism (Chrono Boost)  
  35  3:22  Probe  
  35  3:31  Pylon  
  35  3:37  Probe  
  36  3:42  Observer (Chrono Boost)  
  37  3:54  Stalker x3  
  43  4:02  Pylon  
  43  4:12  Twilight Council  
  43  4:21  Observer  
  43  4:24  Stalker x2  
  47  4:51  Stalker x2  
  52  5:03  Blink (Chrono Boost)  
  53  5:13  Nexus  
  51  5:19  Pylon  
  50  5:30  Probe  
  50  5:33  Observer  
  48  5:41  Stalker x2  
  52  5:43  Probe  
  52  5:49  Pylon  
  53  5:56  Adept  
  54  6:04  Adept  
  54  6:05  Probe  
  54  6:08  Observer  
  58  6:17  Probe  
  46  6:36  Stalker x2  
  46  6:37  Observer, Stalker  
  52  6:42  Shield Battery  
  53  6:59  Stalker x2  
  55  7:01  Stalker  
  57  7:09  Probe  
  57  7:10  Probe  
  53  7:28  Stalker x3  
Tags
 
Add a new tag
Caveats
  • Supply blocks, unpowered buildings, or Contaminate may cause inaccurate times.
  • Supply counts are checked every 10 seconds.